BSA
MADISON BOMBERS @ SPRINGFIELD STARS
03/04/2026
 
TOP OF THE 1ST
Madison Bombers batting - Pitching for Springfield Stars : LHP Brock Morris
Pitching: LHP Brock Morris
Batting: LHB Robin Hill 0-0: Ball
1-0: Called Strike
1-1: SINGLE (Flyball, 7S)
Batting: RHB Vicente Aguirre 0-0: Ball
1-0: Swinging Strike
1-1: Foul Ball, location: 2F
1-2: Ball
Throwing error on steal attempt, E2
Robin Hill to third
2-2: Strikes out swinging
Batting: RHB Sergio Márquez 0-0: Ball
1-0: Called Strike
1-1: 2-RUN HOME RUN (Flyball, 8RXD), Distance : 433 ft
Batting: LHB Sixto Cantú 0-0: Ball
1-0: Foul Ball, location: 2F
1-1: Foul Ball, location: 2F
1-2: Strikes out looking
Batting: RHB Bailey Ramsey 0-0: Fly out, F7 (Flyball, 78M)
Top of the 1st over - 2 run(s), 2 hit(s), 1 error(s), 0 left on base; Madison 2 - Springfield 0
BOTTOM OF THE 1ST
Springfield Stars batting - Pitching for Madison Bombers : RHP Manny Canseco
Pitching: RHP Manny Canseco
Batting: RHB Norberto Taváres 0-0: Ball
1-0: Fly out, F9 (Flyball, 89S)
Batting: RHB Juan Rodríguez 0-0: Called Strike
0-1: SINGLE (Groundball, 56)
Batting: LHB Derek Davidson 0-0: Swinging Strike
0-1: Foul Ball, location: 2F
0-2: Ball
1-2: Ball
2-2: Fielders Choice at 2nd, 6-4 (Groundball, 6MD)
Batting: LHB Elliott Newell 0-0: Called Strike
0-1: Ball
1-1: Ball
2-1: Ball
3-1: 2-RUN HOME RUN (Flyball, 9LD), Distance : 352 ft
Batting: RHB Alberto Campos 0-0: Called Strike
0-1: Ball
1-1: Ball
2-1: Fly out, F9 (Flyball, 89D)
Bottom of the 1st over - 2 run(s), 2 hit(s), 0 error(s), 0 left on base; Madison 2 - Springfield 2
TOP OF THE 2ND
Madison Bombers batting - Pitching for Springfield Stars : LHP Brock Morris
Batting: LHB José Santos 0-0: Called Strike
0-1: Swinging Strike
0-2: Strikes out looking
Batting: SHB Jorge Flores 0-0: SINGLE (Groundball, 34D)
Batting: RHB Pablo Gonzáles 0-0: Called Strike
0-1: Ball
1-1: Foul Ball, location: 2F
1-2: Strikes out swinging
Batting: RHB Quinton Martínez 0-0: Called Strike
0-1: Ball
1-1: Ball
2-1: Called Strike
2-2: Ball
Jorge Flores steals 2nd base
3-2: Base on Balls
Pitching: RHP Matthew Scott
Batting: LHB Robin Hill 0-0: Called Strike
0-1: Ball
1-1: Foul Ball, location: 2F
1-2: SINGLE (Groundball, 4MD)
Jorge Flores to third
Quinton Martínez to second
Runner from 3rd tries for Home, SAFE, no throw or cutoff
Batting: RHB Vicente Aguirre 0-0: Ball
1-0: Called Strike
1-1: Foul Ball, location: 2F
1-2: Ball
2-2: Fly out, F6 (Popup, 56D)
Top of the 2nd over - 1 run(s), 2 hit(s), 0 error(s), 2 left on base; Madison 3 - Springfield 2
BOTTOM OF THE 2ND
Springfield Stars batting - Pitching for Madison Bombers : RHP Manny Canseco
Batting: RHB Juan Carlos Rodríguez 0-0: Ball
1-0: Swinging Strike
1-1: Ball
2-1: Swinging Strike
2-2: Ball
3-2: Base on Balls
Batting: LHB Jesús Tobías 0-0: Ball
1-0: Foul Ball, location: 2F
1-1: Fly out, F6 (Popup, 6)
Batting: SHB Shane Hutchinson 0-0: Foul Ball, location: 2F
0-1: Foul Ball, location: 2F
0-2: Ball
1-2: Foul Ball, location: 2F
1-2: Ball
2-2: Ball
3-2: Grounds into double play, 4-6-3 (Groundball, 4)
Bottom of the 2nd over - 0 run(s), 0 hit(s), 0 error(s), 0 left on base; Madison 3 - Springfield 2
TOP OF THE 3RD
Madison Bombers batting - Pitching for Springfield Stars : RHP Matthew Scott
Batting: RHB Sergio Márquez 0-0: Foul Ball, location: 2F
0-1: Fly out, F8 (Line Drive, 8LM)
Batting: LHB Sixto Cantú 0-0: Called Strike
0-1: Ground out 5-3 (Groundball, 56)
Batting: RHB Bailey Ramsey 0-0: Ground out 1-3 (Groundball, 15S)
Top of the 3rd over - 0 run(s), 0 hit(s), 0 error(s), 0 left on base; Madison 3 - Springfield 2
BOTTOM OF THE 3RD
Springfield Stars batting - Pitching for Madison Bombers : RHP Manny Canseco
Batting: SHB Martín Medina 0-0: Ball
1-0: Fly out, F9 (Flyball, 89M)
Batting: RHB Norberto Taváres 0-0: Ball
1-0: Ball
2-0: Swinging Strike
2-1: Ball
3-1: Base on Balls
Batting: RHB Juan Rodríguez 0-0: Ball
Norberto Taváres is caught stealing 2nd base
1-0: Foul Ball, location: 2F
1-1: Foul Ball, location: 2F
1-2: Ball
2-2: SINGLE (Groundball, 56D)
Batting: LHB Derek Davidson 0-0: Called Strike
0-1: Swinging Strike
0-2: Ball
1-2: Ball
2-2: Foul Ball, location: 2F
2-2: Ball
Juan Rodríguez is caught stealing 2nd base
Bottom of the 3rd over - 0 run(s), 1 hit(s), 0 error(s), 0 left on base; Madison 3 - Springfield 2
TOP OF THE 4TH
Madison Bombers batting - Pitching for Springfield Stars : RHP Matthew Scott
Batting: LHB José Santos 0-0: Ball
1-0: Fly out, F6 (Line Drive, 6)
Batting: SHB Jorge Flores 0-0: Fly out, F4 (Line Drive, 4)
Batting: RHB Pablo Gonzáles 0-0: Called Strike
0-1: Ball
1-1: Ball
2-1: Bunted foul
2-2: Ball
3-2: Foul Ball, location: 2F
3-2: Ground out 1-3 (Groundball, 25)
Top of the 4th over - 0 run(s), 0 hit(s), 0 error(s), 0 left on base; Madison 3 - Springfield 2
BOTTOM OF THE 4TH
Springfield Stars batting - Pitching for Madison Bombers : RHP Manny Canseco
Batting: LHB Derek Davidson 0-0: Foul Ball, location: 2F
0-1: Ball
1-1: Ball
2-1: Ground out 1-3 (Groundball, 15)
Batting: LHB Elliott Newell 0-0: Foul Ball, location: 2F
0-1: Ball
1-1: Ground out 6-3 (Groundball, 6)
Batting: RHB Alberto Campos 0-0: Foul Ball, location: 2F
0-1: Ball
1-1: Foul Ball, location: 2F
1-2: SINGLE (Line Drive, 4MD)
Batting: RHB Juan Carlos Rodríguez 0-0: Ball
Wild Pitch!
Alberto Campos to second
1-0: Ball
2-0: Ball
3-0: Called Strike
3-1: Base on Balls
Batting: LHB Jesús Tobías 0-0: Ball
1-0: Ball
2-0: Called Strike
2-1: Foul Ball, location: 2F
2-2: SINGLE (Flyball, 9S)
Alberto Campos to third
Juan Carlos Rodríguez to second
Runner from 3rd tries for Home, SAFE, no throw or cutoff
Batting: SHB Shane Hutchinson 0-0: Ground out 4-3 (Groundball, 4)
Bottom of the 4th over - 1 run(s), 2 hit(s), 0 error(s), 2 left on base; Madison 3 - Springfield 3
TOP OF THE 5TH
Madison Bombers batting - Pitching for Springfield Stars : RHP Matthew Scott
Batting: RHB Quinton Martínez 0-0: Called Strike
0-1: Ball
1-1: Ball
2-1: Ball
3-1: Base on Balls
Batting: LHB Robin Hill 0-0: Swinging Strike
0-1: Foul Ball, location: 2F
0-2: Ball
1-2: Strikes out swinging
Batting: RHB Vicente Aguirre 0-0: Ball
1-0: Grounds into double play, 4-6-3 (Groundball, 4)
Top of the 5th over - 0 run(s), 0 hit(s), 0 error(s), 0 left on base; Madison 3 - Springfield 3
BOTTOM OF THE 5TH
Springfield Stars batting - Pitching for Madison Bombers : RHP Manny Canseco
Pitching: RHP Andy Parker
Batting: SHB Martín Medina 0-0: Called Strike
0-1: Foul Ball, location: 2F
0-2: Foul Ball, location: 2F
0-2: Foul Ball, location: 2F
0-2: Ball
1-2: Foul Ball, location: 2F
1-2: Ball
2-2: Ball
3-2: Fly out, F8 (Flyball, 8LD)
Batting: RHB Norberto Taváres 0-0: Swinging Strike
0-1: Foul Ball, location: 2F
0-2: Fly out, F8 (Flyball, 8RM)
Batting: RHB Juan Rodríguez 0-0: Ball
1-0: Called Strike
1-1: Fly out, F7 (Popup, 7LS)
Bottom of the 5th over - 0 run(s), 0 hit(s), 0 error(s), 0 left on base; Madison 3 - Springfield 3
TOP OF THE 6TH
Madison Bombers batting - Pitching for Springfield Stars : RHP Matthew Scott
Batting: RHB Sergio Márquez 0-0: Swinging Strike
0-1: Called Strike
0-2: Ground out 5-3 (Groundball, 5S)
Batting: LHB Sixto Cantú 0-0: Swinging Strike
0-1: Swinging Strike
0-2: Ground out 4-3 (Groundball, 4)
Batting: RHB Bailey Ramsey 0-0: Ball
1-0: Ball
2-0: Called Strike
2-1: Foul Ball, location: 2F
2-2: Ground out 5-3 (Groundball, 56)
Top of the 6th over - 0 run(s), 0 hit(s), 0 error(s), 0 left on base; Madison 3 - Springfield 3
BOTTOM OF THE 6TH
Springfield Stars batting - Pitching for Madison Bombers : RHP Andy Parker
Batting: LHB Derek Davidson 0-0: Called Strike
0-1: Foul Ball, location: 2F
0-2: Ball
1-2: Ball
2-2: Ball
3-2: Base on Balls
Batting: LHB Elliott Newell 0-0: DOUBLE (Flyball, 78XD)
Derek Davidson to third
Runner from 3rd tries for Home, SAFE, no throw or cutoff
Pinch Runner at 2nd David García:
Batting: RHB Alberto Campos 0-0: Foul Ball, location: 2F
0-1: Foul Ball, location: 2F
0-2: Ball
1-2: Foul Ball, location: 2F
1-2: Ground out 4-3 (Groundball, 4)
David García to third
Batting: RHB Juan Carlos Rodríguez 0-0: Called Strike
0-1: Ball
1-1: Ball
2-1: Fly out, F9 (Flyball, 9LS)
Now in RF: Bob Warren
Batting: LHB Jesús Tobías 0-0: Ball
1-0: Ball
2-0: Ball
3-0: Called Strike
3-1: Foul Ball, location: 2F
3-2: Base on Balls
Batting: SHB Shane Hutchinson 0-0: Ball
1-0: Fielders Choice at 2nd, U6 (Groundball, 6M)
Bottom of the 6th over - 1 run(s), 1 hit(s), 0 error(s), 2 left on base; Madison 3 - Springfield 4
TOP OF THE 7TH
Madison Bombers batting - Pitching for Springfield Stars : RHP Matthew Scott
Pitching: LHP Jorge Aybar
Now at 1B: David García
Batting: SHB Bob Warren 0-0: Called Strike
0-1: Foul Ball, location: 2F
0-2: Strikes out swinging
Batting: SHB Jorge Flores 0-0: Called Strike
0-1: Swinging Strike
0-2: Strikes out looking
Batting: RHB Pablo Gonzáles 0-0: Called Strike
0-1: Called Strike
0-2: Ball
1-2: Strikes out swinging
Top of the 7th over - 0 run(s), 0 hit(s), 0 error(s), 0 left on base; Madison 3 - Springfield 4
BOTTOM OF THE 7TH
Springfield Stars batting - Pitching for Madison Bombers : RHP Andy Parker
Batting: SHB Martín Medina 0-0: Ball
1-0: Ball
2-0: Ball
3-0: Base on Balls
Pitching: RHP Gerald Duncan
Pinch Hitting: LHB Felipe Guerrero 0-0: Bunted foul
0-1: Sac Bunt - play at first, batter OUT! 5-4
Martín Medina to second
Batting: LHB Mike Callahan 0-0: Ball
Throwing error on steal attempt, E2
Martín Medina scores
1-0: Ball
2-0: Called Strike
2-1: Ball
3-1: Base on Balls
Batting: LHB Derek Davidson 0-0: Called Strike
0-1: Foul Ball, location: 2F
0-2: Foul Ball, location: 2F
0-2: Ball
1-2: Foul Ball, location: 2F
1-2: Ball
2-2: Ball
3-2: SINGLE (Groundball, 34)
Mike Callahan to second
Runner from 2nd tries for 3rd, SAFE, throw made to third
Pinch Hitting: RHB Calvin Bennett 0-0: Ball
1-0: Called Strike
1-1: Foul Ball, location: 2F
1-2: Foul Ball, location: 2F
1-2: Ball
2-2: SINGLE (Line Drive, 56)
Mike Callahan scores
Derek Davidson to second
Batting: RHB Alberto Campos 0-0: Ball
1-0: Swinging Strike
1-1: Swinging Strike
1-2: Ball
2-2: Ball
3-2: Ground out 4-3 (Groundball, 4MS)
Derek Davidson to third
Calvin Bennett to second
Pinch Hitting: LHB Ryan Drake 0-0: Called Strike
0-1: Foul Ball, location: 2F
0-2: Ball
1-2: Ground out 4-3 (Groundball, 4M)
Bottom of the 7th over - 2 run(s), 2 hit(s), 1 error(s), 2 left on base; Madison 3 - Springfield 6
TOP OF THE 8TH
Madison Bombers batting - Pitching for Springfield Stars : LHP Jorge Aybar
Now at 1B: Felipe Guerrero
Now at SS: Ryan Drake
Now in CF: Calvin Bennett
Batting: RHB Quinton Martínez 0-0: Called Strike
0-1: Fly out, F8 (Flyball, 8LD)
Pinch Hitting: LHB Avery Hopkins 0-0: Called Strike
0-1: SINGLE (Groundball, 6MD)
Batting: RHB Vicente Aguirre 0-0: Called Strike
0-1: Ball
1-1: Ball
2-1: Ball
3-1: Fly out, F4 (Popup, 4M)
Batting: RHB Sergio Márquez 0-0: Called Strike
0-1: Ground out 6-3 (Groundball, 6)
Top of the 8th over - 0 run(s), 1 hit(s), 0 error(s), 1 left on base; Madison 3 - Springfield 6
BOTTOM OF THE 8TH
Springfield Stars batting - Pitching for Madison Bombers : RHP Gerald Duncan
Now in RF: Avery Hopkins
Pinch Hitting: RHB Cho-yun Qiao 0-0: Ball
1-0: Ball
2-0: Called Strike
2-1: Foul Ball, location: 2F
2-2: SINGLE (Line Drive, 8LS)
Pinch Hitting: RHB José Pinto 0-0: Ball
1-0: Sac Bunt - play at first, batter OUT! 3-4
Cho-yun Qiao to second
Batting: SHB Martín Medina 0-0: Ball
1-0: Ball
2-0: Called Strike
2-1: SINGLE (Line Drive, 9LS)
Cho-yun Qiao to third
Batting: LHB Felipe Guerrero 0-0: Called Strike
0-1: 3-RUN HOME RUN (Flyball, 9D), Distance : 378 ft
Batting: LHB Mike Callahan 0-0: SINGLE (Line Drive, 6MD)
Batting: LHB Derek Davidson 0-0: Called Strike
0-1: Ball
1-1: Ball
2-1: Ball
3-1: Base on Balls
Mike Callahan to second
Pitching: RHP Alonso Gallardo
Batting: RHB Calvin Bennett 0-0: Ball
1-0: Called Strike
1-1: Fly out, F7 (Flyball, 7D)
Batting: RHB Alberto Campos 0-0: Foul Ball, location: 2F
0-1: Swinging Strike
0-2: Ball
1-2: Foul Ball, location: 2F
1-2: Ball
2-2: Ball
3-2: Base on Balls
Mike Callahan to third
Derek Davidson to second
Batting: LHB Ryan Drake 0-0: Fly out, F6 (Popup, 6D)
Bottom of the 8th over - 3 run(s), 4 hit(s), 0 error(s), 3 left on base; Madison 3 - Springfield 9
TOP OF THE 9TH
Madison Bombers batting - Pitching for Springfield Stars : LHP Jorge Aybar
Now at C: Will Sterling
Now at 2B: José Pinto
Now at 3B: Ed Watkins
Pinch Hitting: RHB Spencer Johnston 0-0: Swinging Strike
0-1: Called Strike
0-2: Ball
1-2: SINGLE (Line Drive, 34)
Batting: RHB Greg King 0-0: Called Strike
0-1: Ball
1-1: Swinging Strike
1-2: Foul Ball, location: 2F
1-2: Foul Ball, location: 2F
1-2: Strikes out swinging
Batting: SHB Bob Warren 0-0: Swinging Strike
0-1: Foul Ball, location: 2F
0-2: Ball
1-2: Reaches on Catchers interference
Spencer Johnston to second
Batting: SHB Jorge Flores 0-0: Fielders Choice at 2nd, 4-6 (Groundball, 4M)
Spencer Johnston to third
Batting: RHB Pablo Gonzáles 0-0: Called Strike
0-1: Ball
1-1: Ball
2-1: Swinging Strike
2-2: Fly out, F8 (Flyball, 8RM)
Top of the 9th over - 0 run(s), 1 hit(s), 1 error(s), 2 left on base; Madison 3 - Springfield 9
Monday, December 5th, 2016 - OOTP Baseball 17.12 Build 75